 Dungeon Crawl Stone Soup version 0.25-b1-37-g2669288c55 (webtiles) character file.

Game seed: 8083999424956232321

2543 Doot the Tainter (level 9, -9/61 HPs)
             Began as a Formicid Venom Mage on June 5, 2020.
             Was an Initiate of Yredelemnul.
             Mangled by an angel
             ... wielding a +2 sacred scourge of holy wrath
             ... created by the Shining One
              (25 damage)
             ... on level 4 of the Dungeon.
             The game lasted 00:18:42 (18591 turns).

Doot the Tainter (Formicid Venom Mage)             Turns: 18591, Time: 00:18:43

Health: -9/61      AC:  7    Str: 17    XL:     9   Next: 85%
Magic:  19/19      EV: 13    Int: 17    God:    Yredelemnul [......]
Gold:   176        SH:  0    Dex: 11    Spells: 8/21 levels left

rFire    . . .     SeeInvis +   G - +6 long sword of Misery {flame, rPois Str+3}
rCold    . . .     Gourm    .   (no shield)
rNeg     + . .     Faith    .   A - +2 robe {rN+}
rPois    +         Spirit   .   (helmet unavailable)
rElec    .         Reflect  .   (no cloak)
rCorr    +         Harm     .   f - +2 pair of gloves
MR       .....                  (no boots)
Stlth    +.........             (no amulet)
HPRegen  0.20/turn              q - ring of poison resistance
MPRegen  0.16/turn              s - ring of resist corrosion

@: glowing
A: permanent stasis, dig shafts and tunnels, four strong arms, antennae 3
a: Dig, Shaft Self, Renounce Religion


You were on level 4 of the Dungeon.
You worshipped Yredelemnul.
Yredelemnul was noncommittal.
You were hungry.

You visited 2 branches of the dungeon, and saw 8 of its levels.

You collected 358 gold pieces.
You spent 178 gold pieces at shops.
You donated 4 gold pieces to Zin.

Inventory:

Hand Weapons
 j - a +0 rapier
 G - the +6 long sword of Misery (weapon) {flame, rPois Str+3}
   (You bought it in a shop on level 7 of the Dungeon)

   It has been specially enchanted to burn those struck by it, causing extra
   injury to most foes and up to half again as much damage against particularly
   susceptible opponents.
   Big, fiery blades are also staple armaments of hydra-hunters.
   It affects your strength (+3).
   It protects you from poison.
Missiles
 K - 2 curare-tipped darts (quivered)
Armour
 a - a +0 robe
 f - a +2 pair of gloves (worn)
 k - a +0 robe of positive energy
 A - a +2 robe of positive energy (worn)
Magical Staves
 w - an uncursed staff of conjuration
 x - an uncursed staff of death
Jewellery
 q - a ring of poison resistance (left hand)
 s - a ring of resist corrosion (right hand)
Wands
 l - a wand of clouds (5)
 o - a wand of flame (39)
 v - a wand of iceblast (9)
Scrolls
 d - 2 scrolls of amnesia {unknown}
 e - 2 scrolls of immolation {unknown}
 h - a scroll of fear {unknown}
 i - 2 scrolls of remove curse
 m - 3 scrolls of teleportation
 n - 5 scrolls of identify
 t - a scroll of blinking {unknown}
 u - a scroll of random uselessness {unknown}
 y - a scroll of magic mapping {unknown}
 C - a scroll of enchant weapon {unknown}
Potions
 b - a potion of berserk rage {unknown}
 g - 2 potions of mutation {unknown}
 p - 2 potions of flight {unknown}
 r - 2 potions of heal wounds {unknown}
 z - 2 potions of degeneration {unknown}
 B - 2 potions of might {unknown}
 D - a potion of lignification {unknown}
 E - 2 potions of stabbing {unknown}
 F - a potion of ambrosia {unknown}
 H - a potion of curing {unknown}
 I - a potion of experience {unknown}
 J - a potion of cancellation {unknown}
Comestibles
 c - 3 rations


   Skills:
 + Level 2.2 Fighting
 + Level 1.6 Short Blades
 + Level 0.1(1.0) Long Blades
 + Level 2.9 Dodging
 + Level 4.5 Stealth
 + Level 6.9 Spellcasting
 + Level 5.1 Transmutations
 + Level 2.0 Fire Magic
 + Level 2.9 Air Magic
 + Level 9.9 Poison Magic


You had 8 spell levels left.
You knew the following spells:

 Your Spells              Type           Power        Failure   Level  Hunger
a - Sting                 Tmut/Pois      ####         1%          1    None
b - Poisonous Vapours     Pois/Air       ####..       1%          2    None
c - Mephitic Cloud        Conj/Pois/Air  ###.....     6%          3    ##.....
d - Ignite Poison         Fire/Tmut/Pois ####....     3%          3    ##.....
e - Olgreb's Toxic Radia  Pois           #####...     1%          4    ####...

Your spell library contained the following spells:

 Spells                   Type           Power        Failure   Level  Hunger
 Magic Dart               Conj           #...         12%         1    None
 Call Imp                 Summ           #.......     19%         2    None
 Slow                     Hex            #.......     19%         2    None
 Conjure Flame            Conj/Fire      #.......     22%         3    ##.....
 Blink                    Tloc           Unusable     N/A         2    N/A

Dungeon Overview and Level Annotations

Branches:
Dungeon (7/15)             Temple (1/1) D:7

Altars:
Ashenzari
Elyvilon
Fedhas
Gozag
Hepliaklqana
Makhleb
Nemelex Xobeh
Okawaru
Qazlal
Ru
Sif Muna
Uskayaw
Vehumet
Wu Jian
Xom
Yredelemnul
Zin
The Shining One

Shops:
D:7 (

Annotations:
D:4 3 runed translucent doors, Acheron's ghost, weakling TeWn


Innate Abilities, Weirdness & Mutations

You cannot be hasted, slowed, berserked, paralysed or teleported.
You can dig through walls and to a lower floor.
Your four strong arms can wield two-handed weapons with a shield.
You have a pair of large antennae on your head. (SInv)


Message History

Unknown command.
There is a stone staircase leading up here.
The angel hits you with a +2 sacred scourge of holy wrath! x2
You climb upwards.
Level annotation: 3 runed translucent doors, Acheron's ghost, weakling TeWn
There is a stone staircase leading down here.
Unknown command.
The angel hits you with a +2 sacred scourge of holy wrath!!
The angel misses you. The angel closely misses you.
The angel barely misses you.
The angel hits you with a +2 sacred scourge of holy wrath. x2
* * * LOW HITPOINT WARNING * * *
There is a stone staircase leading up, spattered with blood here.
Okay, then.
Unknown command.
Things that are here:
a +0 ring mail; a +0 club The angel hits you with a +2 sacred scourge of holy wrath!!
You die...
Your body rises from the dead as a mindless zombie.

.....#.....#.....#
.....##.(...#....#
......##...[....###
#...........#.....##
........##.##......##
........##..........#
................[..##
.......##.......##.#
.......##.......@..#
........#.......A.##
..#............)<.#
.[##.#............# #.
###......[...###
#..##............# #.
.....#.#......##
..###..##.###...>.###
....##.#..#...##....###


You could see an angel.

Vanquished Creatures
  Pikel (D:6)
  Grinder (D:5)
  An orc warrior (D:4)
  4 slaves (D:6)
  A black bear (D:7)
  An ice beast (D:6)
  3 ogres
  A centaur (D:5)
  Blork the orc (D:6)
  3 bullfrogs
  4 scorpions (D:4)
  A water moccasin skeleton (D:4)
  A howler monkey (D:5)
  4 hounds
  A quasit (D:5)
  A jelly (D:6)
  3 orc priests
  3 orc wizards
  3 bullfrog skeletons
  2 iguanas (D:6)
  2 worker ants
  A hound skeleton (D:7)
  A howler monkey skeleton (D:6)
  3 gnolls (D:7)
  7 adders
  2 shadow imps
  4 worms
  A dart slug (D:2)
  5 leopard geckos
  16 orcs
  A bat skeleton (D:3)
  5 giant cockroaches
  5 hobgoblins
  2 jackals (D:1)
  3 quokkas
  7 bats
  17 frilled lizards
  5 goblins
  5 kobolds
  7 rats
139 creatures vanquished.

Vanquished Creatures (others)
  A kobold (D:1)
  3 plants (D:3)
4 creatures vanquished.

Grand Total: 143 creatures vanquished

Notes
Turn   | Place    | Note
-------+----------+-------------------------------------------
     0 | D:1      | Doot the Formicid Venom Mage began the quest for the Orb.
     0 | D:1      | Reached XP level 1. HP: 13/13 MP: 3/3
   369 | D:1      | Reached XP level 2. HP: 19/19 MP: 3/5
   387 | D:1      | Learned a level 2 spell: Poisonous Vapours
  1063 | D:1      | Reached XP level 3. HP: 22/24 MP: 1/7
  1072 | D:1      | Learned a level 3 spell: Mephitic Cloud
  1268 | D:2      | Noticed a bullfrog
  1486 | D:2      | Killed a bullfrog
  1486 | D:2      | Reached skill level 5 in Poison Magic
  1486 | D:2      | Reached XP level 4. HP: 30/30 MP: 0/9
  1486 | D:2      | Reached XP level 5. HP: 35/35 MP: 0/10
  1502 | D:2      | Learned a level 3 spell: Ignite Poison
  1584 | D:2      | Found a shimmering altar of Xom.
  1593 | D:2      | Found a shattered altar of Ashenzari.
  1646 | D:2      | Found a sacrificial altar of Ru.
  1649 | D:2      | Found a burning altar of Makhleb.
  1940 | D:4      | Noticed an orc warrior
  1948 | D:4      | Killed an orc warrior
  1948 | D:4      | Reached skill level 1 in Air Magic
  1948 | D:4      | Reached skill level 6 in Poison Magic
  1948 | D:4      | Reached XP level 6. HP: 41/41 MP: 2/12
  2068 | D:4      | Reached XP level 7. HP: 35/46 MP: 5/13
  2361 | D:4      | Learned a level 4 spell: Olgreb's Toxic Radiance
  2442 | D:4      | Found a stormy altar of Qazlal.
  2454 | D:4      | Reached skill level 7 in Poison Magic
  2603 | D:5      | Entered Level 5 of the Dungeon
  2833 | D:5      | Noticed a hungry ghost
  3509 | D:5      | Noticed Grinder
  3513 | D:5      | Reached XP level 8. HP: 53/53 MP: 7/15
  3593 | D:5      | Killed Grinder
  3593 | D:5      | Reached skill level 5 in Spellcasting
  3757 | D:5      | Reached skill level 1 in Fire Magic
  3930 | D:6      | Noticed Pikel
  3933 | D:6      | Killed Pikel
  3933 | D:6      | Reached skill level 1 in Fighting
  3933 | D:6      | Reached skill level 8 in Poison Magic
  3933 | D:6      | Reached XP level 9. HP: 59/59 MP: 5/17
  4500 | D:6      | Noticed Blork the orc
  4506 | D:6      | Killed Blork the orc
  4506 | D:6      | Reached skill level 9 in Poison Magic
  4507 | D:6      | Found a shimmering blue altar of Sif Muna.
  4570 | D:6      | You fall into a shaft and drop 1 floor!
  4815 | D:7      | Found Jokats's Antique Weapon Shop.
  4832 | D:7      | Bought a jewelled long sword for 178 gold pieces
  4832 | D:7      | Identified the +6 long sword of Misery {flame, rPois Str+3}
                  | (You bought it in a shop on level 7 of the Dungeon)
  4882 | D:7      | Reached skill level 1 in Short Blades
  5175 | D:7      | Found a staircase to the Ecumenical Temple.
  5185 | Temple   | Entered the Ecumenical Temple
  5286 | Temple   | Became a worshipper of Elyvilon the Healer
  5293 | Temple   | Fell from the grace of Elyvilon
  5293 | Temple   | Became a worshipper of Zin the Law-Giver
  5318 | Temple   | Fell from the grace of Zin
  5318 | Temple   | Became a worshipper of the Shining One
  5340 | Temple   | Fell from the grace of the Shining One
  5340 | Temple   | Became a worshipper of Yredelemnul the Dark
  5971 | D:4      | Found a runed translucent gate.
  5971 | D:4      | Found a runed translucent gate.
  5971 | D:4      | Found a runed translucent gate.
  6342 | D:2      | Found a hazy altar of Hepliaklqana.
  6688 | D:3      | Found a faded altar of an unknown god.
  7252 | D:3      | Reached skill level 5 in Transmutations
 18456 | D:4      | Found an opulent altar of Gozag.
 18456 | D:4      | Noticed Acheron's ghost (weakling TeWn)
 18579 | D:5      | Noticed an angel
 18591 | D:4      | Mangled by an angel

Illustrated notes

Levels and vault maps discovered:
D:1:      shiori_arrival_oz, layout_loops_ring, minmay_tetromino_i4
D:2:      minmay_spotlight, layout_rooms, nicolae_overflow_hidden_temple,
          minitemple
D:3:      layout_rooms, kennysheep_vampire_church, first_ration,
          chequers_ecumenical_altar_island, minmay_lizard_king
D:4:      layout_cave_pools, overflow_temple_1_default, ebering_ghost_gozag,
          portal_sewer_entry_b, kennysheep_okawaru_gauntlet
D:5:      layout_gridville, uniq_grinder
D:6:      layout_loops_corners, tgw_sif, uniq_pikel
D:7:      layout_gridville, kennysheep_mini, minmay_temple_entry_sparse_star,
          serial_shops, shop
Temple:   cyrus_temple_forest

Skill      XL: |  1  2  3  4  5  6  7  8  9 |
---------------+----------------------------+-----
Dodging        | 2 |  2.9
Spellcasting   | 3 4 5 6 |  6.9
Transmutations | 2 3 4 5 |  5.1
Poison Magic   | 5 6 7 8 9 |  9.9
Air Magic      | 1 2 |  2.9
Stealth        | 3 4 |  4.5
Fire Magic     | 1 2 |  2.0
Fighting       | 1 2 |  2.2
Short Blades   | 1 |  1.6
Long Blades    | |  0.1

Action                   |  1- 3 |  4- 6 |  7- 9 || total
-------------------------+-------+-------+-------++-------
Melee: Unarmed           |     1 |       |    37 ||    38
       Rapier            |       |       |    20 ||    20
       Long sword        |       |       |    24 ||    24
 Cast: Sting             |    37 |     7 |    32 ||    76
       Poisonous Vapours |     8 |    12 |    26 ||    46
       Ignite Poison     |       |     1 |    38 ||    39
       Olgreb's Toxic Ra |       |       |    35 ||    35
       Mephitic Cloud    |       |       |     1 ||     1
 Abil: Shaft Self        |       |       |     1 ||     1
  Use: Scroll            |       |       |     2 ||     2
 Stab: Sleeping          |       |       |     2 ||     2
  Eat: Chunk             |     2 |     3 |    30 ||    35
       Ration            |       |       |     8 ||     8
Armor: Robe              |    10 |     2 |    54 ||    66
Dodge: Dodged            |    22 |     1 |   101 ||   124
       Rpst.: Long sword |       |       |     8 ||     8
